 Dungeon Crawl Stone Soup version 0.21.0-24-g2553a33 (webtiles) character file.

977 tidbits the Insei (level 8, 47/54 HPs)
             Began as a Gnoll Transmuter on Jan 20, 2018.
             Quit the game on level 6 of the Dungeon.
             The game lasted 00:16:25 (1854 turns).

tidbits the Insei (Gnoll Transmuter)                Turns: 1854, Time: 00:16:25

Health: 47/54      AC:  2    Str: 12      XL:     8   Next: 17%
Magic:  25/25      EV: 24    Int: 24      God:
Gold:   221        SH:  0    Dex: 17 (18) Spells: 12/18 levels left

rFire    . . .     SeeInvis .     - Unarmed
rCold    . . .     Gourm    .   (shield currently unavailable)
rNeg     . . .     Faith    .   (armour currently unavailable)
rPois    x         Spirit   .   (helmet currently unavailable)
rElec    .         Reflect  .   (cloak currently unavailable)
rCorr    .         Harm     .   (gloves currently unavailable)
MR       .....                  (boots currently unavailable)
Stlth    ++........             e - amulet of rage
HPRegen  0.18/turn              b - +5 ring of intelligence
MPRegen  0.19/turn              A - ring of magical power

@: spider-form (expiring)
A: tiny, distributed training, clumsy 1, deterioration 1, frail 1, strong nose
a: End Transformation, Evoke Berserk Rage


You were on level 6 of the Dungeon.
You were full.
You were a venomous arachnid creature.
You visited 2 branches of the dungeon, and saw 8 of its levels.

You collected 221 gold pieces.

Inventory:

Hand Weapons
 a - a +1 whip of draining
   (You found it on level 1 of the Dungeon)
 f - a +2 flail of protection
   (You took it off Terence on level 2 of the Dungeon)
 k - a +0 hunting sling
 m - a +0 short sword
 n - a +0 dagger (melded)
 u - a +0 war axe
 D - a +0 scythe of freezing
   (You took it off Sigmund on level 4 of the Dungeon)
 E - a +2 shortbow of flaming
   (You took it off a centaur on level 5 of the Dungeon)
 F - a +0 rapier
Missiles
 h - 44 arrows
 i - 4 tomahawks (quivered)
 o - 3 stones
 C - 2 curare-tipped needles
Armour
 y - the +1 ring mail "Qireima" {rElec}
   (You found it on level 4 of the Dungeon)

   It insulates you from electricity.
 B - a +0 robe (melded)
Jewellery
 b - a +5 ring of intelligence (left front leg)
   (You found it on level 4 of the Dungeon)
 e - an amulet of rage (around neck)
   (You found it on level 5 of the Dungeon)
 q - an uncursed ring of resist corrosion
   (You found it on level 3 of the Dungeon)
 A - a ring of magical power (right front leg)
   (You found it on level 3 of the Dungeon)
Wands
 d - a wand of digging (14)
Scrolls
 g - 2 scrolls of fog {unknown}
 l - a scroll of amnesia {unknown}
 r - 3 scrolls of remove curse
 w - a scroll of blinking {unknown}
 x - 2 scrolls of teleportation
 G - a scroll of noise
Potions
 j - a potion of flight {unknown}
 s - a potion of lignification
 t - a potion of agility
 z - 2 potions of haste
Books
 c - a book of Changes

   Spells                             Type                      Level
   a - Beastly Appendage              Transmutation                1
   b - Sticks to Snakes               Transmutation                2
   c - Spider Form                    Transmutation/Poison         3
   d - Ice Form                       Ice/Transmutation            4
   e - Blade Hands                    Transmutation                5
Comestibles
 v - 3 rations


   Skills:
 + Level 4.0 Fighting
 + Level 3.0 Short Blades
 + Level 3.0 Long Blades
 + Level 3.0 Axes
 + Level 3.0 Maces & Flails
 + Level 3.0 Polearms
 + Level 3.0 Staves
 + Level 3.0 Slings
 + Level 3.0 Bows
 + Level 3.0 Crossbows
 + Level 3.0 Throwing
 + Level 3.0 Armour
 + Level 5.5 Dodging
 + Level 3.0 Stealth
 + Level 3.0 Shields
 + Level 7.2 Unarmed Combat
 + Level 5.8 Spellcasting
 + Level 2.4 Conjurations
 + Level 2.4 Hexes
 + Level 2.4 Charms
 + Level 2.4 Summonings
 + Level 2.4 Necromancy
 + Level 2.4 Translocations
 + Level 4.5 Transmutations
 + Level 2.4 Fire Magic
 + Level 2.4 Ice Magic
 + Level 2.4 Air Magic
 + Level 2.4 Earth Magic
 + Level 2.4 Poison Magic
 + Level 3.2 Invocations
 + Level 3.0 Evocations


You had 12 spell levels left.
You knew the following spells:

 Your Spells              Type           Power        Failure   Level  Hunger
e - Beastly Appendage     Tmut           ####..       6%          1    None
k - Sticks to Snakes      Tmut           ####....     8%          2    None
p - Spider Form           Tmut/Pois      ###.......   17%         3    #......


Dungeon Overview and Level Annotations

Branches:
Dungeon (7/15)             Temple (1/1) D:6

Altars:
Ashenzari
Elyvilon
Fedhas
Gozag
Hepliaklqana
Makhleb
Okawaru
Qazlal
Sif Muna
Trog
Uskayaw
Wu Jian
Xom
Yredelemnul
Zin
The Shining One

Annotations:
D:5 Grinder


Innate Abilities, Weirdness & Mutations

Your experience applies equally to all skills.
((You have very sharp teeth.))
Your uncanny sense of smell can sniff out nearby items.
You are clumsy. (Dex -2)
((Your flesh is cold resistant. (rC+)))
Your body sometimes deteriorates upon taking damage.
You are frail. (-10% HP)


Message History

As you read the scroll of identify, it crumbles to dust.
G - a scroll of noise
Found 15 stones.
Found 2 gold pieces.
A leopard gecko skeleton comes into view.
Found 5 gold pieces.
Found a club.
You see here 2 gold pieces.
You now have 216 gold pieces (gained 2).
You see here 5 gold pieces.
You now have 221 gold pieces (gained 5).
You enter the shallow water.
Moving in this stuff is going to be slow.
Why would you want to do that?
You see here a club.
Casting: Sticks to Snakes
Confirm with . or Enter, or press ? or * to list all spells.
You turn into a venomous arachnid creature.
Your +0 dagger melds into your body.
Your +0 robe melds into your body.
Casting: Spider Form
Confirm with . or Enter, or press ? or * to list all spells.
You don't know that spell.
Casting: Spider Form
Confirm with . or Enter, or press ? or * to list all spells.
You miscast Sticks to Snakes.
You are very lightly contaminated with residual magic.
You feel a strange surge of energy!
You hit the leopard gecko skeleton.
The leopard gecko skeleton is severely damaged.
The leopard gecko skeleton completely misses you.
You bite the leopard gecko skeleton!
You destroy the leopard gecko skeleton!
A bullfrog skeleton comes into view.
Found a glowing golden altar of the Shining One.
Unknown command.
The helpless bullfrog skeleton fails to defend itself.
You bite the bullfrog skeleton!
The bullfrog skeleton is heavily damaged.
The bullfrog skeleton closely misses you.
You hit the bullfrog skeleton but do no damage.
The bullfrog skeleton is heavily damaged.
The bullfrog skeleton barely misses you.
You bite the bullfrog skeleton!
The bullfrog skeleton is severely damaged.
The bullfrog skeleton hits you but does no damage.
You hit the bullfrog skeleton.
The bullfrog skeleton is almost destroyed.
The bullfrog skeleton hits you.
You hit the bullfrog skeleton.
The bullfrog skeleton is almost destroyed.
The bullfrog skeleton hits you!
Your body deteriorates!
You feel clumsy.
The bullfrog skeleton closely misses you.
You bite the bullfrog skeleton!
You destroy the bullfrog skeleton!
Your Fighting skill increases to level 4!
A bullfrog skeleton comes into view.
Found a spear.
Your transformation has ended.
Your +0 dagger unmelds from your body.
Your +0 robe unmelds from your body.
Wield which item (- for none, * to show all)? (? for menu, Esc to quit)
Okay, then.
The helpless bullfrog skeleton fails to defend itself.
You puncture the bullfrog skeleton!
The bullfrog skeleton is severely damaged.
The bullfrog skeleton hits you. The bullfrog skeleton misses you.
Casting: Sticks to Snakes
Confirm with . or Enter, or press ? or * to list all spells.
You turn into a venomous arachnid creature.
Your +0 dagger melds into your body.
Your +0 robe melds into your body.
The bullfrog skeleton completely misses you.
Your magical contamination has completely faded away.
You hit the bullfrog skeleton.
The bullfrog skeleton is almost destroyed.
The bullfrog skeleton hits you.
You hit the bullfrog skeleton.
You destroy the bullfrog skeleton!
Your Short Blades skill increases to level 3!
Your Long Blades skill increases to level 3!
Your Axes skill increases to level 3!
Your Maces & Flails skill increases to level 3!
Your Polearms skill increases to level 3!
Your Staves skill increases to level 3!
Your Slings skill increases to level 3!
Your Bows skill increases to level 3!
Your Crossbows skill increases to level 3!
Your Throwing skill increases to level 3!
Your Armour skill increases to level 3!
Your Stealth skill increases to level 3!
Your Shields skill increases to level 3!
Your Evocations skill increases to level 3!
Found a scroll of identify.
You see here a scroll of identify.
As you read the scroll of identify, it crumbles to dust.
s - a potion of lignification
Found a stone staircase leading up.
There is a stone staircase leading up here.
Your transformation is almost over.
Found a stone staircase leading up.
Found 6 large rocks.
Are you sure you want to abandon this character and quit the game? (Confirm with "yes".)

#.#
##...##.............
#.# ######..###########
#.# #..#
##.###*********### #..#
#....,,,,,,,,,,..# #..#
##.########****#.###..#
.........<######......#
####.####............##
#.# ########s....#* #.#
#.(.........# * #.#
#.####.....## ** #.#
*,* ##..<## ******, #.#
*,* *#.##*** *,,,,,,
#.#*****,* *..,,,*
*,****, #..,,,,,,*
*###*,* *,* **
********** *,* **,** *
*,***,,,****


There were no monsters in sight!

Vanquished Creatures
  An ice beast (D:5)
  A necrophage (D:7)
  A centaur (D:5)
  A wyvern zombie (D:6)
  3 scorpions (D:5)
  A crimson imp (D:6)
  2 hounds (D:5)
  An orc priest (D:6)
  2 bullfrog skeletons (D:6)
  A centaur skeleton (D:5)
  Terence (D:2)
  A worker ant (D:5)
  2 orc wizards (D:6)
  2 gnolls (D:4)
  4 adders
  An ooze (D:2)
  An adder zombie (D:5)
  2 worms (D:2)
  2 dart slugs
  4 leopard geckos
  An orc (D:4)
  2 ball pythons
  4 bats
  A giant cockroach (D:2)
  A goblin (D:2)
  2 hobgoblins (D:2)
  A kobold (D:2)
  A quokka (D:3)
  A frilled lizard (D:2)
  A jackal skeleton (D:5)
  A leopard gecko skeleton (D:6)
  4 rats
54 creatures vanquished.

Vanquished Creatures (collateral kills)
  Sigmund (D:4)
  A crimson imp (D:6)
  An adder (D:2)
  An orc (D:6)
4 creatures vanquished.

Vanquished Creatures (others)
  A leopard gecko skeleton (D:6)
1 creature vanquished.

Grand Total: 59 creatures vanquished

Notes
Turn   | Place    | Note
-------+----------+-------------------------------------------
     0 | D:1      | tidbits the Gnoll Transmuter began the quest for the Orb.
     0 | D:1      | Reached XP level 1. HP: 17/17 MP: 6/6
   203 | D:2      | Reached XP level 2. HP: 21/23 MP: 5/7
   272 | D:2      | Reached XP level 3. HP: 27/28 MP: 7/9
   276 | D:2      | Learned a level 2 spell: Sticks to Snakes
   280 | D:2      | Learned a level 3 spell: Spider Form
   348 | D:3      | Reached skill level 5 in Spellcasting
   413 | D:2      | Noticed Terence
   440 | D:2      | HP: 1/28 [Terence/flail of protection (11)]
   442 | D:2      | Killed Terence
   442 | D:2      | Reached skill level 1 in Invocations
   457 | D:2      | Reached skill level 1 in Short Blades
   457 | D:2      | Reached skill level 1 in Long Blades
   457 | D:2      | Reached skill level 1 in Axes
   457 | D:2      | Reached skill level 1 in Maces & Flails
   457 | D:2      | Reached skill level 1 in Polearms
   457 | D:2      | Reached skill level 1 in Staves
   457 | D:2      | Reached skill level 1 in Slings
   457 | D:2      | Reached skill level 1 in Bows
   457 | D:2      | Reached skill level 1 in Crossbows
   457 | D:2      | Reached skill level 1 in Throwing
   457 | D:2      | Reached skill level 1 in Armour
   457 | D:2      | Reached skill level 1 in Stealth
   457 | D:2      | Reached skill level 1 in Shields
   457 | D:2      | Reached skill level 1 in Evocations
   529 | D:2      | Reached XP level 4. HP: 11/34 MP: 6/11
   828 | D:4      | Got a translucent ring mail
   835 | D:4      | Identified the +1 ring mail "Qireima" {rElec} (You found it on level 4 of the Dungeon)
   851 | D:5      | Entered Level 5 of the Dungeon
   997 | D:4      | Found a stormy altar of Qazlal.
  1044 | D:4      | Reached skill level 1 in Conjurations
  1044 | D:4      | Reached skill level 1 in Hexes
  1044 | D:4      | Reached skill level 1 in Charms
  1044 | D:4      | Reached skill level 1 in Summonings
  1044 | D:4      | Reached skill level 1 in Necromancy
  1044 | D:4      | Reached skill level 1 in Translocations
  1044 | D:4      | Reached skill level 1 in Fire Magic
  1044 | D:4      | Reached skill level 1 in Ice Magic
  1044 | D:4      | Reached skill level 1 in Air Magic
  1044 | D:4      | Reached skill level 1 in Earth Magic
  1044 | D:4      | Reached skill level 1 in Poison Magic
  1074 | D:4      | Noticed Sigmund
  1091 | D:4      | Killed Sigmund
  1091 | D:4      | Reached skill level 3 in Fighting
  1091 | D:4      | Reached skill level 4 in Transmutations
  1091 | D:4      | Reached XP level 5. HP: 41/41 MP: 12/12
  1091 | D:4      | Reached XP level 6. HP: 47/47 MP: 13/13
  1117 | D:5      | Reached skill level 2 in Invocations
  1132 | D:5      | Reached skill level 5 in Dodging
  1134 | D:5      | Reached skill level 2 in Short Blades
  1134 | D:5      | Reached skill level 2 in Long Blades
  1134 | D:5      | Reached skill level 2 in Axes
  1134 | D:5      | Reached skill level 2 in Maces & Flails
  1134 | D:5      | Reached skill level 2 in Polearms
  1134 | D:5      | Reached skill level 2 in Staves
  1134 | D:5      | Reached skill level 2 in Slings
  1134 | D:5      | Reached skill level 2 in Bows
  1134 | D:5      | Reached skill level 2 in Crossbows
  1134 | D:5      | Reached skill level 2 in Throwing
  1134 | D:5      | Reached skill level 2 in Armour
  1134 | D:5      | Reached skill level 2 in Stealth
  1134 | D:5      | Reached skill level 2 in Shields
  1134 | D:5      | Reached skill level 2 in Evocations
  1142 | D:5      | Noticed an ice beast
  1156 | D:5      | Killed an ice beast
  1156 | D:5      | Reached XP level 7. HP: 22/52 MP: 15/15
  1184 | D:5      | Reached skill level 7 in Unarmed Combat
  1187 | D:5      | Found a shimmering altar of Xom.
  1361 | D:5      | Noticed Grinder
  1368 | D:5      | Reached skill level 2 in Conjurations
  1368 | D:5      | Reached skill level 2 in Hexes
  1368 | D:5      | Reached skill level 2 in Charms
  1368 | D:5      | Reached skill level 2 in Summonings
  1368 | D:5      | Reached skill level 2 in Necromancy
  1368 | D:5      | Reached skill level 2 in Translocations
  1368 | D:5      | Reached skill level 2 in Fire Magic
  1368 | D:5      | Reached skill level 2 in Ice Magic
  1368 | D:5      | Reached skill level 2 in Air Magic
  1368 | D:5      | Reached skill level 2 in Earth Magic
  1368 | D:5      | Reached skill level 2 in Poison Magic
  1403 | D:5      | Gained mutation: You are clumsy. (Dex -2) [potion of mutation]
  1403 | D:5      | Gained mutation: Your body sometimes deteriorates upon taking damage. [potion of mutation]
  1403 | D:5      | Gained mutation: You are frail. (-10% HP) [potion of mutation]
  1403 | D:5      | Gained mutation: Your flesh is cold resistant. (rC+) [potion of mutation]
  1505 | D:7      | Reached skill level 3 in Invocations
  1553 | D:6      | Found a staircase to the Ecumenical Temple.
  1564 | D:6      | Reached XP level 8. HP: 26/54 MP: 16/16
  1580 | Temple   | Entered the Ecumenical Temple
  1807 | D:6      | Found a glowing golden altar of the Shining One.
  1814 | D:6      | Reached skill level 4 in Fighting
  1825 | D:6      | Reached skill level 3 in Short Blades
  1825 | D:6      | Reached skill level 3 in Long Blades
  1825 | D:6      | Reached skill level 3 in Axes
  1825 | D:6      | Reached skill level 3 in Maces & Flails
  1825 | D:6      | Reached skill level 3 in Polearms
  1825 | D:6      | Reached skill level 3 in Staves
  1825 | D:6      | Reached skill level 3 in Slings
  1825 | D:6      | Reached skill level 3 in Bows
  1825 | D:6      | Reached skill level 3 in Crossbows
  1825 | D:6      | Reached skill level 3 in Throwing
  1825 | D:6      | Reached skill level 3 in Armour
  1825 | D:6      | Reached skill level 3 in Stealth
  1825 | D:6      | Reached skill level 3 in Shields
  1825 | D:6      | Reached skill level 3 in Evocations
  1854 | D:6      | Quit the game

Skill      XL: |  1  2  3  4  5  6  7  8 |
---------------+-------------------------+-----
Spellcasting   | 5 |  5.8
Invocations    | 1 2 3 |  3.2
Short Blades   | 1 2 3 |  3.0
Long Blades    | 1 2 3 |  3.0
Axes           | 1 2 3 |  3.0
Maces & Flails | 1 2 3 |  3.0
Polearms       | 1 2 3 |  3.0
Staves         | 1 2 3 |  3.0
Slings         | 1 2 3 |  3.0
Bows           | 1 2 3 |  3.0
Crossbows      | 1 2 3 |  3.0
Throwing       | 1 2 3 |  3.0
Armour         | 1 2 3 |  3.0
Stealth        | 1 2 3 |  3.0
Shields        | 1 2 3 |  3.0
Evocations     | 1 2 3 |  3.0
Conjurations   | 1 2 |  2.4
Hexes          | 1 2 |  2.4
Charms         | 1 2 |  2.4
Summonings     | 1 2 |  2.4
Necromancy     | 1 2 |  2.4
Translocations | 1 2 |  2.4
Fire Magic     | 1 2 |  2.4
Ice Magic      | 1 2 |  2.4
Air Magic      | 1 2 |  2.4
Earth Magic    | 1 2 |  2.4
Poison Magic   | 1 2 |  2.4
Fighting       | 3 4 |  4.0
Transmutations | 4 |  4.5
Dodging        | 5 |  5.5
Unarmed Combat | 7 |  7.2

Action                   |  1- 3 |  4- 6 |  7- 9 || total
-------------------------+-------+-------+-------++-------
Melee: Unarmed           |    26 |    60 |    67 ||   153
       Whip              |     4 |       |       ||     4
       Kick              |     2 |       |       ||     2
       Headbutt          |     1 |     1 |       ||     2
       Bite              |     1 |       |       ||     1
       Dagger            |       |       |     2 ||     2
       Punch             |       |       |     1 ||     1
 Cast: Beastly Appendage |     5 |     1 |       ||     6
       Spider Form       |     4 |    10 |    11 ||    25
       Sticks to Snakes  |     4 |     6 |     9 ||    19
 Abil: End Transformatio |       |       |     1 ||     1
  Use: Scroll            |     2 |     1 |     8 ||    11
       Potion            |     2 |     1 |     2 ||     5
 Stab: Sleeping          |       |     2 |     4 ||     6
       Distracted        |       |     1 |     2 ||     3
  Eat: Ration            |     1 |     2 |       ||     3
Armor: Robe              |     5 |     1 |       ||     6
       Skin              |       |     3 |     3 ||     6
Dodge: Dodged            |    24 |    46 |    55 ||   125

Table legend:
 A = Turns spent in this place as a percentage of turns spent in the entire game.
 B = Non-inter-level travel turns spent in this place as a percentage of non-inter-level travel turns spent in the entire game.
 C = Inter-level travel turns spent in this place as a percentage of turns spent in this place.
 D = Turns resting spent in this place as a percentage of non-inter-level travel turns spent in this place.
 E = Turns spent auto-exploring this place as a percentage of non-inter-level travel turns spent in this place.
 F = Non-inter-level travel turns spent in this place divided by the number of levels of this place that you've seen.
                   A       B       C       D       E      F
               +-------+-------+-------+-------+-------+----------------------
         Total | 100.0 | 100.0 |   3.0 |   0.0 |   0.0 | 224.8
       Dungeon |  91.3 |  92.5 |   1.7 |   0.0 |   0.0 | 237.7
        Temple |   8.7 |   7.5 |  16.8 |   0.0 |   0.0 | 134.0
               +-------+-------+-------+-------+-------+----------------------

Table legend:
 A = Kills in this place as a percentage of kills in entire the game.
 B = Kills by you in this place as a percentage of kills by you in the entire game.
 C = Kills by friends in this place as a percentage of kills by friends in the entire game.
 D = Other kills in this place as a percentage of other kills in the entire game.
 E = Experience gained in this place as a percentage of experience gained in the entire game.
 F = Experience gained in this place divided by the number of levels of this place that you have seen.
                   A       B       C       D       E      F
               +-------+-------+-------+-------+-------+----------------------
         Total | 100.0 | 100.0 | 100.0 |   N/A | 100.0 | 174.5
       Dungeon | 100.0 | 100.0 | 100.0 |   N/A | 100.0 | 199.4
               +-------+-------+-------+-------+-------+----------------------

Vault maps used:
D:1:      evilmike_arrival_fibonacci_small
D:2:      uniq_terence
D:4:      kennysheep_mini_moat, first_ration, uniq_sigmund
D:5:      old_standard_altar, cheibrodos_worm_habitat, uniq_grinder
D:6:      lemuel_crystal_altar, minmay_temple_entry_crystal_x,
          lemuel_old_faithful
D:7:      cheibrodos_shockbox, grunt_ogre_cave, hex_medium, uniq_duvessa,
          uniq_crazy_yiuf_cottage
Temple:   oiseaux_autumnal_temple
